AoeStats
← greidermq

Arabia

505360550Analyzed
1v1 RM · 22d ago on Sep 9, 2026· 32m 24s· 2 players
Game mode
Random Map
Map size
Tiny (2 player)
Population
200
Speed
Normal
Resources
Standard
Victory
Conquest
Starting age
Dark Age
Ending age
Imperial Age
RankedLock teamsTeams togetherTeam positionsShared explorationLock speedFull tech treeHidden civsTurbo modeCheats
Victory
Defeat
🇨🇳 Byzantines · China
858
+19
🇨🇴 Malians · Colombia
913
-41
sjackow1983
7:02 Loom
9:33 Feudal Age
11:20 Man-at-Arms
14:02 Double-Bit Axe
23:53 Castle Age
23:48 Gold Mining
23:41 Horse Collar
24:15 Stone Mining
25:02 Bow Saw
25:10 Husbandry
26:46 Scale Barding Armor
28:56 Wheelbarrow
28:30 Heavy Plow
30:10 Forging
greidermq
11:33 Feudal Age
12:20 Double-Bit Axe
12:19 Horse Collar
14:49 Man-at-Arms
15:41 Loom
Connection lost

Rejoining the realm…

Still unreachable

The connection could not be restored.

Session expired

The server has moved on; the page needs a fresh start.